 Dungeon Crawl Stone Soup version 0.30.0-30-g96aa6591b8 (webtiles) character file.

Game seed: 17662445041445708735

774 Peloso the Slasher (level 7, -4/61 HPs)
             Began as a Minotaur Fighter on June 30, 2023.
             Slain by an ice beast (5 damage)
             ... on level 5 of the Dungeon.
             The game lasted 00:08:19 (4283 turns).

Peloso the Slasher (Minotaur Fighter)               Turns: 4283, Time: 00:08:19

Health: -4/61      AC: 12    Str: 21    XL:     7   Next: 53%
Magic:  6/6        EV:  8    Int:  5    God:
Gold:   151        SH:  5    Dex: 11    Spells: 6/6 levels left

rFire   . . .        a - +0 long sword
rCold   . . .        d - +0 buckler
rNeg    . . .        u - +0 chain mail
rPois   +            (helmet restricted)
rElec   .            (no cloak)
rCorr   +            (no gloves)
SInv    .            c - +1 pair of boots
Will    .....        (no amulet) Stlth
                     m - ring of poison resistance
HPRegen 0.30/turn    e - ring of resist corrosion
MPRegen 0.10/turn

%: no passive effects
@: no status effects
A: horns 2, retaliatory headbutt
a: no special abilities


You were on level 5 of the Dungeon.
You visited 1 branch of the dungeon, and saw 5 of its levels.

You collected 151 gold pieces.

Inventory:

Hand Weapons
 a - a +0 long sword (weapon)
Armour
 b - a +0 scale mail
 c - a +1 pair of boots (worn)
 d - a +0 buckler (worn)
 u - a +0 chain mail (worn)
Jewellery
 e - a ring of resist corrosion (right hand)
 m - a ring of poison resistance (left hand)
 q - a +5 ring of evasion
Wands
 r - a wand of polymorph (9)
Scrolls
 f - a scroll of amnesia {unknown}
 j - a scroll of blinking {unknown}
 l - a scroll of enchant weapon {unknown}
 p - a scroll of noise {unknown}
 s - a scroll of identify
 t - a scroll of butterflies {unknown}
Potions
 g - 4 potions of curing
 h - a potion of resistance
 i - a potion of cancellation
 k - 2 potions of brilliance
 n - 2 potions of flight {unknown}
 o - 2 potions of haste


   Skills:
 + Level 5.4 Fighting
 + Level 6.6 Long Blades
 + Level 6.1 Armour
 + Level 2.2 Dodging
 + Level 0.8 Stealth
 + Level 4.9 Shields


You had 6 spell levels left.
You didn't know any spells.
Your spell library contained the following spells:

 Spells                   Type           Power      Damage    Failure   Level
 Summon Forest            Summ/Tloc      0%         N/A       100%        5
 Eringya's Noxious Bog    Tmut/Pois      0%         N/A       100%        6
 Summon Hydra             Summ           0%         N/A       100%        7


Dungeon Overview and Level Annotations

Branches:
Dungeon (5/15)
 Temple: D:4-7

Altars:
Kikubaaqudgha

Shops:
D:3 :


Innate Abilities, Weirdness & Mutations

You have a pair of horns on your head.
You reflexively headbutt those who attack you in melee.


Message History

The ice beast is lightly wounded.
The ice beast completely misses you.
You slash the ice beast! Your headbutt misses the ice beast.
The ice beast is moderately wounded.
The ice beast hits you but does no damage.
You barely miss the ice beast.
The ice beast is moderately wounded.
You block the ice beast's attack. The adder barely misses you.
You furiously retaliate!
You headbutt the adder!
You kill the adder!
You hit the ice beast but do no damage.
The ice beast is moderately wounded.
The ice beast hits you but does no damage.
The ice beast hits you. The ice beast freezes you!
You hit the ice beast. Your headbutt misses the ice beast.
The ice beast is heavily wounded.
The ice beast hits you. The ice beast freezes you!
You closely miss the ice beast.
The ice beast is heavily wounded.
The ice beast hits you but does no damage.
You barely miss the ice beast.
You headbutt the ice beast, but do no damage.
The ice beast is heavily wounded.
The ice beast hits you but does no damage.
You completely miss the ice beast.
The ice beast is heavily wounded.
The ice beast hits you. The ice beast freezes you!
* * * LOW HITPOINT WARNING * * *
You hit the ice beast.
The ice beast is severely wounded.
The ice beast hits you.
* * * LOW HITPOINT WARNING * * *
The ice beast freezes you!
* * * LOW HITPOINT WARNING * * *
You barely miss the ice beast.
The ice beast is severely wounded.
The ice beast hits you.
* * * LOW HITPOINT WARNING * * *
The ice beast freezes you.
You die...

#..................
#..###........###..
#....##...<...# #..
#.!..###.#...## #..
#...# #.#...####..
#...###...........
#.................
##.###########.####
#.@# #..#
#.†Y>.....# ...#
##..#.###.# ...#.#
..... # ......
#######


You could see an ice beast.

Vanquished Creatures
  Edmund (D:4)
  Duvessa (D:4)
  An ogre (D:5)
  A phantom (D:4)
  Dowan (D:4)
  2 hounds
  A jelly (D:4)
  An iguana (D:4)
  Natasha (thrice) (D:3)
  9 adders
  An ufetubus (D:5)
  2 dart slugs
  2 orcs
  12 endoplasms
  4 giant cockroaches
  5 goblins
  6 hobgoblins
  2 jackals (D:2)
  3 quokkas
  6 ball pythons
  7 bats
  4 frilled lizards
  4 kobolds
  5 rats
84 creatures vanquished.

Notes
Turn   | Place    | Note
-------+----------+-------------------------------------------
     0 | D:1      | Peloso the Minotaur Fighter began the quest for the Orb.
     0 | D:1      | Reached XP level 1. HP: 19/19 MP: 0/0
   173 | D:1      | Reached XP level 2. HP: 24/27 MP: 1/1
   919 | D:2      | Reached XP level 3. HP: 33/33 MP: 2/2
  1654 | D:3      | Noticed Natasha
  1658 | D:3      | Killed Natasha
  1659 | D:3      | Reached XP level 4. HP: 40/41 MP: 3/3
  1685 | D:3      | Noticed Natasha
  1691 | D:3      | Killed Natasha
  1756 | D:3      | Noticed Natasha
  1762 | D:3      | Killed Natasha
  1763 | D:3      | Reached skill level 1 in Dodging
  1763 | D:3      | Reached XP level 5. HP: 44/47 MP: 4/4
  2036 | D:3      | Found Heafahel's Book Shop.
  2727 | D:4      | Reached skill level 5 in Armour
  3042 | D:4      | Noticed Duvessa
  3044 | D:4      | Noticed Dowan
  3070 | D:4      | Killed Duvessa
  3071 | D:4      | Reached skill level 5 in Long Blades
  3071 | D:4      | Reached XP level 6. HP: 40/55 MP: 5/5
  3081 | D:4      | Killed Dowan
  3243 | D:4      | Reached skill level 5 in Fighting
  3252 | D:4      | Reached XP level 7. HP: 55/61 MP: 6/6
  3536 | D:4      | Found an ancient bone altar of Kikubaaqudgha.
  3557 | D:4      | Noticed Edmund
  3572 | D:4      | Killed Edmund
  3970 | D:5      | Entered Level 5 of the Dungeon
  4282 | D:5      | HP: 3/61 [ice beast (14)]
  4283 | D:5      | HP: 1/61 [ice beast (2)]
  4283 | D:5      | Slain by an ice beast

Illustrated notes

Levels and vault maps discovered:
D:1:      zelgadis_glass_arrival_large, layout_loops_ring
D:2:      layout_basic, minmay_quadrilaterals
D:3:      layout_loops_ring, serial_shops, shop, chequers_serial_rivers_small_a,
          uniq_natasha
D:4:      layout_gridville, kennysheep_mini_moat, uniq_duvessa, uniq_edmund
D:5:      minmay_opposing_rooms, layout_basic, nicolae_overflow_hidden_temple,
          minmay_hedge_maze, nicolae_half_adder

Skill      XL: |  1  2  3  4  5  6  7 |
---------------+----------------------+-----
Fighting       | 4 5 |  5.4
Armour         | 4 5 6 |  6.1
Shields        | 4 |  4.9
Long Blades    | 3 4 5 6 |  6.6
Dodging        | 1 2 |  2.2
Stealth        | |  0.8

Action                     |  1- 3 |  4- 6 |  7- 9 || total
---------------------------+-------+-------+-------++-------
  Melee: Long sword        |    89 |    91 |    49 ||   229
         Headbutt          |    11 |    16 |    11 ||    38
    Use: Scroll            |     2 |     5 |       ||     7
         Potion            |     4 |     1 |     1 ||     6
 Armour: Scale mail        |    60 |    44 |     9 ||   113
         Chain mail        |       |       |     7 ||     7
         Skin              |       |       |     5 ||     5
  Dodge: Dodged            |    54 |    51 |    19 ||   124
  Block: Buckler           |    35 |    28 |     8 ||    71
